 Dungeon Crawl Stone Soup version 0.19-a0-1704-gbd66c22 (webtiles) character file.

406 dvd the Chopper (level 6, -1/38 HPs)
             Began as a Gargoyle Fighter on Sept 27, 2016.
             Slain by an ogre
             ... wielding a +0 giant club
              (17 damage)
             ... on level 4 of the Dungeon.
             The game lasted 00:06:29 (2813 turns).

dvd the Chopper (Gargoyle Fighter)                  Turns: 2813, Time: 00:06:29

Health: -1/38      AC: 12    Str: 20    XL:     6   Next: 87%
Magic:  6/6        EV:  8    Int:  8    God:
Gold:   114        SH:  9    Dex: 11    Spells: 0 memorised, 5 levels left

rFire  . . .     SeeInvis .     a - +0 war axe
rCold  . . .     Gourm    .     b - +0 scale mail
rNeg   + . .     Faith    .     c - +0 shield
rPois  ∞         Spirit   .     (no helmet)
rElec  +         Dismiss  .     (no cloak)
rCorr  .         Reflect  .     (no gloves)
MR     .....     Harm     .     (no boots)
Stlth  ..........               (no amulet)
                                (no ring)
                                (no ring)

@: no status effects
A: negative energy resistance 1, electricity resistance, unbreathing,
petrification resistance, rot immunity, AC +4
a: no special abilities


You were on level 4 of the Dungeon.
You were hungry.

You visited 1 branch of the dungeon, and saw 6 of its levels.

You collected 114 gold pieces.

Inventory:

Hand Weapons
 a - a +0 war axe (weapon)
 q - a +0 trident
Armour
 b - a +0 scale mail (worn)
 c - a +0 shield (worn)
Scrolls
 e - a scroll of enchant armour {unknown}
 h - a scroll of amnesia {unknown}
 k - 7 scrolls of remove curse
 l - a scroll of identify {unknown}
 o - a scroll of enchant weapon {unknown}
 r - 2 scrolls of recharging {unknown}
Potions
 d - a potion of might
 i - 2 potions of curing {unknown}
 m - a potion of brilliance {unknown}
 p - a potion of resistance {unknown}
 t - a potion of flight {unknown}
Comestibles
 f - 3 bread rations
 g - a beef jerky
 n - 6 fruits
 s - 2 meat rations


   Skills:
 + Level 4.1 Fighting
 * Level 5.0 Axes
 + Level 4.1 Armour
 + Level 1.3 Dodging
 + Level 4.0 Shields


You had 5 spell levels left.
You didn't know any spells.

Dungeon Overview and Level Annotations

Branches:
Dungeon (6/15)
 Temple: D:4-7

Altars:
Dithmenos
Elyvilon
Xom


Innate Abilities, Weirdness & Mutations

You are resistant to torment.
Your stone body is resilient. (AC +4)
You are immune to poison.
You resist negative energy. (rN+)
You are resistant to electric shocks. (rElec)
You can survive without breathing.
You are immune to petrification.
You are immune to rotting.


Message History

You start resting.
HP restored.
Okay, then.
Unknown command.
You climb upwards.
An ogre comes into view. It is wielding a giant club.
Found 10 gold pieces.
There is a stone staircase leading down here.
Found 7 gold pieces.
You slash the ogre!
The ogre is moderately wounded.
The ogre hits you with a giant club!!
Ouch! That really hurt!
You hit the ogre but do no damage.
The ogre is moderately wounded.
The ogre hits you with a giant club.
You slash the ogre!
The ogre is severely wounded.
The ogre hits you with a giant club!
You die...

#.###. .$...
#.... #...
#..# #..#
#######O.###
.......@...#
.###.....#.#
#.###># #
#.....#
#$.#### #. #


You could see an ogre.

Vanquished Creatures
  An ogre (D:6)
  A bullfrog (D:6)
  An iguana (D:5)
  3 worker ants
  2 worker ant zombies (D:5)
  4 gnolls
  3 adders
  An adder zombie (D:5)
  An adder skeleton (D:5)
  3 worms
  A dart slug (D:2)
  2 leopard geckos
  2 giant cockroaches
  7 goblins
  5 hobgoblins
  3 jackals (D:2)
  3 kobolds
  A quokka (D:2)
  A ball python skeleton (D:5)
  11 bats
  2 frilled lizards (D:1)
  2 rats
60 creatures vanquished.

Notes
Turn   | Place    | Note
-------+----------+-------------------------------------------
     0 | D:1      | dvd the Gargoyle Fighter began the quest for the Orb.
     0 | D:1      | Reached XP level 1. HP: 14/14 MP: 1/1
   331 | D:1      | Reached XP level 2. HP: 19/19 MP: 2/2
   366 | D:1      | Reached skill level 2 in Axes
  1011 | D:2      | Found a shimmering altar of Xom.
  1237 | D:2      | Reached XP level 3. HP: 19/23 MP: 3/3
  1510 | D:1      | Reached XP level 4. HP: 27/28 MP: 4/4
  1671 | D:2      | Reached skill level 3 in Axes
  1687 | D:2      | Found a white marble altar of Elyvilon.
  1694 | D:2      | Found a shadowy altar of Dithmenos.
  2124 | D:2      | Reached XP level 5. HP: 26/33 MP: 5/5
  2272 | D:3      | You fall through a shaft for 3 floors!
  2329 | D:6      | Reached skill level 1 in Dodging
  2331 | D:6      | Reached skill level 4 in Axes
  2331 | D:6      | Reached XP level 6. HP: 28/38 MP: 6/6
  2527 | D:5      | Entered Level 5 of the Dungeon
  2729 | D:5      | Reached skill level 5 in Axes
  2813 | D:4      | Slain by an ogre

Vault maps used:
D:1:      onia_arrival_mini_maze_b
D:2:      lemuel_crystal_altar, nicolae_dithmenos_through_a_glass_darkly,
          first_bread, brannock_xom_greatest_gift
D:3:      lemuel_blue_sif_altar, nrook_loot_triangle, uniq_sigmund, uniq_grinder
D:4:      okawaru_altar_gauntlet_db, minitemple, minmay_misc_feat_doors
D:5:      old_standard_altar, grunt_decor_cap
D:6:      hangedman_abyss_or_decor_jellyfish_corner

Skill      XL: |  1  2  3  4  5  6 |
---------------+-------------------+-----
Axes           | 2 3 4 5 |  5.0
Armour         | 4 |  4.1
Dodging        | 1 |  1.3
Fighting       | 4 |  4.1
Shields        | 4 |  4.0

Action                   |  1- 3 |  4- 6 || total
-------------------------+-------+-------++-------
Melee: War axe           |   116 |   145 ||   261
  Use: Scroll            |       |     1 ||     1
  Eat: Chunk             |     2 |     4 ||     6
Armor: Scale mail        |    77 |    86 ||   163
Dodge: Dodged            |    47 |    39 ||    86
Block: Shield            |    83 |    72 ||   155
